 Dungeon Crawl Stone Soup version 0.27.1-3-gb3d3a73c9e (webtiles) character file.

Game seed: 11135620714469742774

80 Araneus the Poker (level 4, -1/35 HPs)
             Began as a Demonspawn Fighter on Oct 15, 2021.
             Succumbed to a kobold's poison
             ... on level 2 of the Dungeon.
             The game lasted 00:03:12 (1893 turns).

Araneus the Poker (Demonspawn Fighter)              Turns: 1893, Time: 00:03:13

Health: -1/35      AC:  6    Str: 18    XL:     4   Next: 18%
Magic:  4/4        EV:  7    Int:  9    God:
Gold:   67         SH:  8    Dex: 12    Spells: 3/3 levels left

rFire    . . .     SeeInvis .   a - +0 trident
rCold    . . .     Faith    .   c - +0 kite shield
rNeg     . . .     Spirit   .   b - +0 scale mail
rPois    .         Reflect  .   (helmet restricted)
rElec    .         Harm     .   (no cloak)
rCorr    .         Rampage  .   (no gloves)
Will     .....                  (no boots)
Stlth    ..........             (no amulet)
HPRegen  0.11/turn              (no ring)
MPRegen  0.09/turn              (no ring)

@: lethally poisoned (-1 -> -20), attractive
A: antennae 1
a: no special abilities


You were on level 2 of the Dungeon.
You visited 1 branch of the dungeon, and saw 2 of its levels.

You collected 67 gold pieces.

Inventory:

Hand Weapons
 a - a +0 trident (weapon)
Armour
 b - a +0 scale mail (worn)
 c - a +0 kite shield (worn)
Scrolls
 f - 3 scrolls of identify {unknown}
 g - a scroll of fog {unknown}
 j - a scroll of teleportation {unknown}
 l - a scroll of amnesia {unknown}
Potions
 d - a potion of might
 e - a potion of brilliance
 k - a potion of flight {unknown}


   Skills:
 - Level 3.0 Fighting
 + Level 4.1 Polearms
 - Level 2.6 Armour
 - Level 2.6 Shields


You had 3 spell levels left.
You didn't know any spells.
Your spell library contained the following spells:

 Spells                   Type           Power      Damage    Failure   Level
 Magic Dart               Conj           0%         1d3       99%         1
 Call Imp                 Summ           0%         N/A       100%        2
 Mephitic Cloud           Conj/Pois/Air  0%         N/A       100%        3


Dungeon Overview and Level Annotations

Branches:
Dungeon (2/15)

Altars:


Innate Abilities, Weirdness & Mutations

You have a pair of small antennae on your head.


Message History

You are too injured to fight recklessly!
You are too injured to fight recklessly!
You are too injured to fight recklessly!
You are too injured to fight recklessly!
You are too injured to fight recklessly!
You are too injured to fight recklessly!
You are too injured to fight recklessly!
You are too injured to fight recklessly!
You are too injured to fight recklessly!
You are too injured to fight recklessly!
You are too injured to fight recklessly!
You are too injured to fight recklessly!
You are too injured to fight recklessly!
You are too injured to fight recklessly!
You are too injured to fight recklessly!
You are too injured to fight recklessly!
You barely miss the kobold.
You feel very sick. The kobold barely misses you.
The kobold hits you but does no damage.
You are lethally poisoned!
You hit the kobold.
The kobold is moderately wounded.
* * * LOW HITPOINT WARNING * * *
You feel very sick. You block the kobold's attack.
It was a potion of brilliance.
You feel clever all of a sudden.
* * * LOW HITPOINT WARNING * * *
You feel sick. You block the kobold's attack.
It was a potion of attraction.
You feel attractive to monsters.
* * * LOW HITPOINT WARNING * * *
You feel very sick. The kobold hits you but does no damage.
You are more poisoned.
It was a potion of cancellation.
Your magical effects are unravelling.
You feel magically purged.
You feel a little less clever now.
You die...

#......##.....
#......'.K....
#......'......
#####..'..KK..
#†.##...K. #.K#
.... ##K# ### #K#
#@# ####### #.##
#...... #..#
#...... ##.##
#......
#..########......
##...............
#....#####......
#.....# ##....
#.....######.###


You could see 3 kobolds.

Vanquished Creatures
  2 adders (D:2)
  An adder skeleton (D:2)
  A worm (D:2)
  2 dart slugs
  4 ball pythons
  5 endoplasms
  4 giant cockroaches
  3 goblins (D:1)
  3 hobgoblins
  6 jackals (D:1)
  A quokka (D:1)
  5 bats
  A frilled lizard (D:1)
  5 kobolds
  3 rats
46 creatures vanquished.

Vanquished Creatures (others)
  8 toadstools (D:2)
8 creatures vanquished.

Grand Total: 54 creatures vanquished

Notes
Turn   | Place    | Note
-------+----------+-------------------------------------------
     0 | D:1      | Araneus the Demonspawn Fighter began the quest for the Orb.
     0 | D:1      | Reached XP level 1. HP: 18/18 MP: 1/1
    11 | D:1      | Reached skill level 2 in Polearms
   179 | D:1      | Gained mutation: You have a pair of small antennae on your
                  | head. [demonic ancestry]
   179 | D:1      | Reached XP level 2. HP: 20/24 MP: 2/2
   556 | D:1      | Reached skill level 3 in Polearms
   721 | D:1      | Found a faded altar of an unknown god.
   745 | D:1      | Reached XP level 3. HP: 25/29 MP: 3/3
  1384 | D:2      | Reached XP level 4. HP: 17/35 MP: 4/4
  1386 | D:2      | Reached skill level 4 in Polearms
  1893 | D:2      | Succumbed to a kobold's poison

Illustrated notes

Levels and vault maps discovered:
D:1:      dpeg_arrival_rooms_with_view, layout_rooms,
          shapermc_ecumenical_altar_flowoftime
D:2:      cheibrodos_fertilizer, layout_rooms

Skill      XL: |  1  2  3  4 |
---------------+-------------+-----
Polearms       | 2 3 4 |  4.1
Fighting       | |  3.0
Armour         | |  2.6
Shields        | |  2.6

Action                   |  1- 3 |  4- 6 || total
-------------------------+-------+-------++-------
Melee: Trident           |   139 |    43 ||   182
  Use: Potion            |       |     3 ||     3
Armor: Scale mail        |    78 |    17 ||    95
Dodge: Dodged            |    34 |    12 ||    46
Block: Kite shield       |    61 |    13 ||    74
